 Dungeon Crawl Stone Soup version 0.30-a0-912-ge10d75a369 (webtiles) character file.

Game seed: 5357740625330163640

23774 Aequonox the Protected (level 13, -2/63 HPs)
             Began as a Gargoyle Earth Elementalist on Mar 19, 2023.
             Was a Plaything of Xom.
             Slain by a komodo dragon (31 damage)
             ... on level 2 of the Lair of Beasts.
             The game lasted 01:41:03 (18311 turns).

Aequonox the Protected (GrEE)                      Turns: 18311, Time: 01:41:04

Health: -2/63      AC: 31    Str: 13    XL:     13   Next: 8%
Magic:  1/24       EV: 23    Int: 20    God:    Xom [...*..]
Gold:   1599       SH:  0    Dex:  8    Spells: 15/27 levels left

rFire   + . .      SeeInvis .    W - staff of earth
rCold   + + .      Faith    .    Q - orb {mayhem}
rNeg    + . .      Spirit   .    x - +2 leather armour {rC+}
rPois   ∞          Reflect  .    E - +2 hat
rElec   +          Rampage  .    C - +2 cloak {rPois}
rCorr   .          Clarity  +    w - +1 pair of gloves
Will    .....                    X - +1 pair of boots of Shielding {rPois rF+}
Stlth   ++++                     (no amulet)
HPRegen 0.30/turn                J - +5 ring of evasion
MPRegen 0.19/turn                c - +5 ring of evasion

@: no status effects
A: sickness immunity, AC +9, negative energy resistance 1, electricity
resistance, torment resistance 1, petrification resistance, iridescent scales 2,
clarity, clumsy 1, cold resistance 1, shaggy fur 1, MP-powered wands
a: Renounce Religion


You were on level 2 of the Lair of Beasts.
You worshipped Xom.
You were a favourite toy of Xom.
You visited 3 branches of the dungeon, and saw 16 of its levels.
You also visited: Gauntlet.

You collected 2705 gold pieces.
You spent 1106 gold pieces at shops.

Inventory:

Hand Weapons
 s - the +4 great sword of Balance {drain, *Corrode +Blink Fly Int+3}
   (You found it in a Gauntlet)

   Int:       It affects your intelligence (+3).
   Fly:       It grants you flight.
   +Blink:    It lets you blink.
   *Corrode:  It may corrode you when you take damage.
 T - the +5 demon whip "Spellbinder" {antimagic, disrupt, Will+}
   (You took it off a minotaur in a Gauntlet)

   Will:      It increases your willpower.
Missiles
 S - 4 silver javelins
Armour
 n - an orb of energy
 w - a +1 pair of gloves (worn)
 x - a +2 leather armour of cold resistance (worn)
 C - a +2 cloak of poison resistance (worn)
 E - a +2 hat (worn)
 F - the +3 plate armour of Light {Regen+ Str+4}
   (You bought it in a shop on level 7 of the Dungeon)

   Str:       It affects your strength (+4).
   Regen:     It increases your rate of health regeneration.
 L - a +2 scale mail of poison resistance
 M - a +0 kite shield
 Q - an orb of mayhem (worn)
 V - +0 acid dragon scales
 X - the +1 pair of boots of Shielding (worn) {rPois rF+}
   (You acquired it on level 5 of the Dungeon)

   rF:        It protects you from fire.
   rPois:     It protects you from poison.
Magical Staves
 G - a staff of conjuration
 W - a staff of earth (weapon)
Jewellery
 c - a +5 ring of evasion (right hand)
 i - a +4 ring of slaying
 p - the ring "Haosed" {+Blink rPois rCorr}
   (Xom gifted it to you on level 5 of the Dungeon)

   [ring of resist corrosion]

   rPois:     It protects you from poison.
   +Blink:    It lets you blink.
   rCorr:     It protects you from acid and corrosion.
 y - a ring of positive energy
 H - a +6 ring of strength
 J - a +5 ring of evasion (left hand)
Wands
 t - a wand of roots (9)
 v - a wand of paralysis (16)
 I - a wand of mindburst (11)
 U - a wand of polymorph (3)
Scrolls
 a - a scroll of torment
 e - 5 scrolls of fog
 f - 2 scrolls of blinking
 g - 2 scrolls of enchant armour
 j - 8 scrolls of teleportation
 k - 3 scrolls of enchant weapon
 m - 2 scrolls of immolation
 r - a scroll of poison {unknown}
 u - 3 scrolls of silence
 K - a scroll of amnesia {unknown}
 N - a scroll of butterflies {unknown}
 O - a scroll of identify
 R - a scroll of brand weapon {unknown}
 Y - 3 scrolls of fear {unknown}
Potions
 b - 2 potions of magic
 d - 3 potions of heal wounds
 h - 5 potions of attraction
 l - 5 potions of curing
 o - 2 potions of mutation
 q - 7 potions of might
 z - 6 potions of cancellation
 B - 3 potions of berserk rage
 P - 2 potions of lignification
 Z - a potion of resistance
Miscellaneous
 A - a phantom mirror (inert)
 D - a box of beasts


   Skills:
 * Level 11.8 Armour
 - Level 7.1 Dodging
 - Level 9.3 Stealth
 - Level 3.7 Shields
 - Level 7.6 Spellcasting
 - Level 2.1 Translocations
 - Level 6.4 Transmutations
 - Level 1.4 Ice Magic
 - Level 10.0 Earth Magic
 - Level 5.0 Evocations


You had 15 spell levels left.
You knew the following spells:

 Your Spells              Type           Power      Damage    Failure   Level
a - Sandblast             Erth           100%       2d20      1%          1
b - Stone Arrow           Conj/Erth      82%        3d12      4%          3
c - Petrify               Tmut/Erth      57%        N/A       3%          4
d - Passwall              Tmut/Erth      47%        N/A       1%          2
e - Blink                 Tloc           32%        N/A       7%          2

Your spell library contained the following spells:

 Spells                   Type           Power      Damage    Failure   Level
 Freeze                   Ice            52%        1d6       6%          1
 Lesser Beckoning         Tloc           32%        N/A       7%          2
 Foxfire                  Conj/Fire      28%        2x1d5     11%         1
 Slow                     Hex            28%        N/A       11%         1
 Momentum Strike          Conj/Tloc      22%        3d8       11%         2
 Gell's Gravitas          Tloc           16%        N/A       13%         3
 Teleport Other           Tloc           16%        N/A       13%         3
 Frozen Ramparts          Ice            26%        1d4       17%         3
 Vhi's Electric Charge    Tloc/Air       22%        N/A       21%         3
 Hailstorm                Conj/Ice       10%        3d5       24%         3
 Confusing Touch          Hex            7%         N/A       32%         3
 Vampiric Draining        Necr           7%         2d6       32%         3
 Fulminant Prism          Conj/Hex       3%         3d5       71%         4
 Arcjolt                  Conj/Air       3%         1d13      96%         5
 Silence                  Hex/Air        3%         N/A       96%         5
 Maxwell's Capacitive Co  Air            3%         ∞         100%        8


Dungeon Overview and Level Annotations

Branches:
Dungeon (13/15)            Temple (1/1) D:6            Lair (2/5) D:9
    Orc (0/2) D:9         Gauntlet (visited)
  Swamp: Lair:2-3    Shoals: Lair:2-3     Snake: Lair:2-3    Spider: Lair:2-3
 Vaults: D:13-14

Altars:
Ashenzari
Cheibriados
Dithmenos
Elyvilon
Fedhas
Gozag
Hepliaklqana
Kikubaaqudgha
Makhleb
Nemelex Xobeh
Okawaru
Qazlal
Ru
Sif Muna
Trog
Uskayaw
Vehumet
Wu Jian
Xom
Yredelemnul
Zin
The Shining One

Shops:
D:1 (   D:5 :*   D:7 [   D:8 (   D:9 (   D:13 :


Innate Abilities, Weirdness & Mutations

You are immune to sickness and miasma.
Your stone body is resilient. (AC +9)
You are immune to poison.
You resist negative energy. (rN+)
You are resistant to electric shocks. (rElec)
You are resistant to unholy torment.
You are immune to petrification.
You are mostly covered in iridescent scales. (AC +4)
You possess an exceptional clarity of mind.
You are clumsy. (Dex -2)
Your flesh is cold resistant. (rC+)
You are covered in fur. (AC +1)
You expend magic power (3 MP) to strengthen your wands.


Message History

Confirm with . or Enter, or press ? or * to list all spells.
Aiming: Stone Arrow (dangerous; 4% risk of failure)
Press: ? - help, Shift-Dir - straight line, f/p - boulder beetle
Aim: a boulder beetle (severely wounded, rolling, 100% to hit)
You feel a surge of power!
The stone arrow hits the boulder beetle!!
The boulder beetle is almost dead.
Casting: Stone Arrow (dangerous; 4% risk of failure)
Confirm with . or Enter, or press ? or * to list all spells.
Aiming: Stone Arrow (dangerous; 4% risk of failure)
Press: ? - help, Shift-Dir - straight line, f/p - boulder beetle
Aim: a boulder beetle (almost dead, rolling, 100% to hit)
You feel a surge of power!
The stone arrow hits the boulder beetle!!
You kill the boulder beetle!
The komodo dragon flies into a frenzy!
The komodo dragon completely misses you.
A komodo dragon is nearby!
You feel a surge of power!
The blast of sand hits the komodo dragon!
The komodo dragon is moderately wounded.
The komodo dragon barely misses you.
The komodo dragon bites you but does no damage.
You feel a surge of power!
The blast of sand hits the komodo dragon but does no damage.
The komodo dragon is moderately wounded.
The komodo dragon bites you but does no damage.
The komodo dragon barely misses you. The komodo dragon misses you.
You feel a surge of power!
The blast of sand hits the komodo dragon.
The komodo dragon is moderately wounded.
The komodo dragon misses you. The komodo dragon bites you!!
Ouch! That really hurt!
You are too injured to fight recklessly!
You are too injured to fight recklessly!
Aiming: Mindburst
Press: ? - help, Shift-Dir - straight line, f/p - komodo dragon
Aim: a komodo dragon (moderately wounded, fast, strong, frenzied and insane, chance to affect: 73%)
The komodo dragon's mind is blasted!!
The komodo dragon bites you!!
You die...

#....###########.......
##... #### #........
#...###.P.####........
#.....................
##.....................
#.......†..............
###......P#..P+......<..
#.#....l.......#......##
#.....@.......+.....##
##..................#.#
#......P.#.....#....###
###.................##
#.................P#
#$.#.##....##..##.##
##..##......#.......###
#....##.....#....P.....
##..####....#....P.....


You could see a neutral komodo dragon (fast, strong, insane).

Vanquished Creatures
  A minotaur (Gauntlet)
  Erica (D:8)
  A boulder beetle (Lair:2)
  The ghost of Kiciri the Thaumaturge, a journeyman DjFE of Makhleb (D:9)
  A two-headed ogre (D:10)
  2 manticores
  A black mamba (Lair:2)
  A gargoyle (D:12)
  3 cane toads (Lair:1)
  A torpor snail (Gauntlet)
  A rime drake (D:9)
  An efreet (Gauntlet)
  3 komodo dragons
  A freezing wraith (D:11)
  A hornet (D:7)
  4 trolls
  2 polar bears
  Grinder (D:6)
  2 shadows
  4 wyverns
  23 yaks
  A wraith (D:13)
  5 small abominations (Gauntlet)
  3 fire elementals (Gauntlet)
  A basilisk (Lair:2)
  A death yak simulacrum (Lair:2)
  6 vampire mosquitoes
  Menkaure (D:6)
  A hell hound (Gauntlet)
  Duvessa (D:5)
  3 acid dragons
  6 water moccasins
  2 ice beasts
  11 orc warriors
  2 black bears
  3 ogres
  14 wolves
  3 centaurs
  5 bullfrogs
  6 kobold brigands
  2 gnoll sergeants (D:8)
  2 scorpions
  A cane toad simulacrum (Lair:2)
  3 wights (D:8)
  Dowan (D:5)
  15 killer bees
  7 howler monkeys
  4 hounds
  An iron imp (D:5)
  3 jellies
  6 orc priests
  Crazy Yiuf (D:6)
  An iguana (D:5)
  17 orc wizards
  A polar bear simulacrum (Lair:2)
  9 gnolls
  13 adders
  2 shadow imps
  3 white imps
  A worm (D:4)
  2 dart slugs
  41 orcs
  8 ball pythons
  4 endoplasms
  3 giant cockroaches
  11 goblins
  5 hobgoblins
  4 jackals
  4 quokkas
  6 bats
  4 frilled lizards
  26 kobolds
  3 rats
345 creatures vanquished.

Vanquished Creatures (collateral kills)
  6 yaks
  2 vampire mosquitoes
  A hell hound (Gauntlet)
  A bullfrog (Lair:1)
  A gnoll (D:8)
  2 kobolds (D:11)
13 creatures vanquished.

Vanquished Creatures (others)
  A yak (Lair:2)
  A wolf (Gauntlet)
  2 orcs (D:10)
  A demonic plant (Gauntlet)
  5 fungi
  8 plants
18 creatures vanquished.

Grand Total: 376 creatures vanquished

Notes
Turn   | Place    | Note
-------+----------+-------------------------------------------
     0 | D:1      | Aequonox the Gargoyle Earth Elementalist began the quest
                  | for the Orb.
     0 | D:1      | Reached XP level 1. HP: 10/10 MP: 3/3
   154 | D:1      | Found Ejeiss Pudu's Antique Weapon Emporium.
   243 | D:1      | Reached skill level 1 in Transmutations
   243 | D:1      | Reached XP level 2. HP: 15/15 MP: 3/5
   946 | D:2      | Reached XP level 3. HP: 19/19 MP: 4/6
  1411 | D:2      | Reached XP level 4. HP: 17/24 MP: 2/7
  1821 | D:3      | Found an ancient bone altar of Kikubaaqudgha.
  2002 | D:3      | Found a faded altar of an unknown god.
  2008 | D:3      | Found a burning altar of Makhleb.
  2065 | D:3      | Reached XP level 5. HP: 28/28 MP: 7/9
  2135 | D:3      | Found a hide-covered altar of Uskayaw.
  2160 | D:3      | Found an iron altar of Okawaru.
  3093 | D:4      | Noticed a black bear
  3099 | D:4      | Killed a black bear
  3100 | D:4      | Reached XP level 6. HP: 32/32 MP: 4/10
  3476 | D:4      | Reached skill level 5 in Earth Magic
  3918 | D:5      | Entered Level 5 of the Dungeon
  3926 | D:5      | Noticed Dowan
  3926 | D:5      | Noticed Duvessa
  4185 | D:5      | Noticed a black bear
  4185 | D:5      | Noticed a two-headed ogre
  4419 | D:5      | Reached XP level 7. HP: 36/36 MP: 9/12
  4668 | D:5      | Killed Duvessa
  4938 | D:5      | Found Qyttya's General Store.
  4949 | D:5      | Found Rijiedgh's Book Shoppe.
  5086 | D:5      | Found a snail-covered altar of Cheibriados.
  5338 | D:5      | Killed Dowan
  5345 | D:5      | Reached skill level 5 in Stealth
  5515 | D:5      | Reached XP level 8. HP: 41/41 MP: 6/14
  5862 | D:6      | Noticed Menkaure
  5872 | D:6      | Killed Menkaure
  6034 | D:6      | Noticed a yak
  6054 | D:6      | Killed a yak
  6142 | D:6      | Noticed a yak
  6144 | D:6      | Noticed a yak
  6145 | D:6      | Noticed a yak
  6145 | D:6      | Noticed a yak
  6146 | D:6      | Noticed a yak
  6174 | D:6      | Noticed Grinder
  6761 | D:5      | Killed a yak
  6842 | D:6      | Killed Grinder
  6843 | D:6      | Reached skill level 5 in Spellcasting
  6843 | D:6      | Reached XP level 9. HP: 45/45 MP: 12/16
  7226 | D:6      | Found a runed translucent door.
  7227 | D:6      | Noticed Crazy Yiuf
  7239 | D:6      | Killed Crazy Yiuf
  7428 | D:6      | Found a staircase to the Ecumenical Temple.
  7441 | Temple   | Entered the Ecumenical Temple
  7749 | Temple   | Became a worshipper of Xom of Chaos
  7903 | D:7      | Found a blossoming altar of Fedhas.
  7915 | D:7      | Learned a level 3 spell: Stone Arrow
  7973 | D:7      | Noticed a hornet
  7991 | D:7      | Reached skill level 5 in Dodging
  8108 | D:7      | XOM: potion effect (invisibility)
  8184 | D:7      | XOM: silly message
  8187 | D:7      | Killed a hornet
  8480 | D:7      | XOM: silly message
  8509 | D:7      | Found Nijaggez's Armour Emporium.
  8666 | D:7      | Reached skill level 5 in Transmutations
  8666 | D:7      | Reached XP level 10. HP: 50/50 MP: 5/19
  8909 | D:7      | Found a glowing golden altar of the Shining One.
  9319 | D:8      | XOM: divination: detect items
  9453 | D:8      | XOM is BORED!
  9453 | D:8      | XOM: silly message
  9808 | D:8      | XOM: 1-stop teleportation journey
  9827 | D:8      | XOM: cloud trail
  9830 | D:8      | Noticed Erica
  9837 | D:8      | XOM: scenery: summon butterflies
  9850 | D:8      | XOM: cast spell 'Metabolic Englaciation'
  9863 | D:8      | Killed Erica
 10038 | D:8      | XOM: cast spell 'Call Canine Familiar'
 10086 | D:7      | XOM is BORED!
 10086 | D:7      | XOM: summons 6 hostile demons
 10210 | D:8      | XOM: god gift: dented peridot amulet {god gift}
 10331 | D:8      | XOM: give mutations
 10331 | D:8      | Gained mutation: Your mind is acute. (Int +4, Str/Dex -1)
                  | [Xom's grace]
 10331 | D:8      | Gained mutation: Your large and strong wings let you fly.
                  | [Xom's grace]
 10331 | D:8      | Gained mutation: You expend magic power (3 MP) to
                  | strengthen your wands. [Xom's grace]
 10331 | D:8      | Gained mutation: You are partially covered in iridescent
                  | scales. (AC +2) [Xom's grace]
 10433 | D:8      | Found a shimmering blue altar of Sif Muna.
 10560 | D:8      | Found Rila's Weapon Emporium.
 10674 | D:9      | XOM: stealth player
 10727 | D:9      | XOM: summons 2 friendly demons
 10733 | D:9      | Reached XP level 11. HP: 54/54 MP: 6/21
 10965 | D:8      | Learned a level 4 spell: Petrify
 10978 | D:9      | XOM: blink monster(s)
 11401 | D:9      | XOM: give mutations
 11401 | D:9      | Gained mutation: You are clumsy. (Dex -2) [Xom's mischief]
 11401 | D:9      | Gained mutation: Your mind is very acute. (Int +8, Str/Dex
                  | -2) [Xom's mischief]
 11401 | D:9      | Gained mutation: You are very clumsy. (Dex -4) [Xom's
                  | mischief]
 11575 | D:9      | Found Kega's Weapon Shoppe.
 11578 | D:9      | Found a staircase to the Orcish Mines.
 11608 | D:9      | Reached skill level 1 in Shields
 11744 | D:9      | Found a runed translucent door.
 11744 | D:9      | Noticed Kiciri's ghost (journeyman DjFE)
 11802 | D:9      | Found a staircase to the Lair.
 11823 | D:9      | Reached skill level 1 in Armour
 11897 | D:9      | You are sucked into a shaft and drop 3 floors!
 12049 | D:12     | XOM: summons 1 hostile demon
 12172 | D:12     | XOM: give mutation
 12172 | D:12     | Lost mutation: Your mind is very acute. (Int +8, Str/Dex
                  | -2) [Xom's mischief]
 12234 | D:12     | Reached skill level 10 in Earth Magic
 12322 | D:12     | XOM: stat loss: -1 Dex (4/5)
 12374 | D:12     | Reached skill level 1 in Translocations
 12379 | D:12     | Reached skill level 2 in Armour
 12591 | D:13     | Noticed a manticore
 12596 | D:13     | Killed a manticore
 12627 | D:13     | XOM: give mutations
 12627 | D:13     | Gained mutation: Armour fits poorly on your strangely
                  | shaped body. [Xom's mischief]
 12627 | D:13     | Lost mutation: Armour fits poorly on your strangely shaped
                  | body. [Xom's mischief]
 12627 | D:13     | Gained mutation: You are frail. (-10% HP) [Xom's mischief]
 12627 | D:13     | Lost mutation: You are frail. (-10% HP) [Xom's mischief]
 12713 | D:13     | XOM: give mutations
 12713 | D:13     | Lost mutation: Your mind is acute. (Int +4, Str/Dex -1)
                  | [Xom's mischief]
 12713 | D:13     | Lost mutation: You are very clumsy. (Dex -4) [Xom's
                  | mischief]
 12746 | D:13     | Found Picaett's Book Boutique.
 12755 | D:13     | Noticed a fire dragon
 12795 | D:13     | Reached skill level 3 in Armour
 12795 | D:13     | Reached skill level 1 in Ice Magic
 12823 | D:13     | XOM: repel stairs
 12892 | D:13     | XOM: god gift: 1015 gold pieces
 12978 | D:11     | Got the Quarto of the Disturbing Suns
 12992 | D:11     | XOM: confuse monster(s)
 13009 | D:10     | Entered Level 10 of the Dungeon
 13069 | D:10     | Found a glowing silver altar of Zin.
 13098 | D:10     | Noticed a two-headed ogre
 13100 | D:10     | XOM: cleaving
 13110 | D:10     | XOM: cast spell 'Necromutation'
 13115 | D:10     | XOM: scenery: 3 doors open, 3 doors close
 13143 | D:10     | Killed a two-headed ogre
 13185 | D:10     | XOM: 1-stop teleportation journey
 13276 | D:5      | Bought a scroll of acquirement for 572 gold pieces
 13276 | D:5      | Acquired the +1 pair of boots of Shielding {rPois rF+}
 13289 | D:5      | Acquired 845 gold pieces
 13318 | D:5      | XOM: god gift: fine bone ring {god gift}
 13318 | D:5      | Identified the ring "Haosed" {+Blink rPois rCorr} (Xom
                  | gifted it to you on level 5 of the Dungeon)
 13366 | D:7      | Bought the +3 plate armour of Light {Regen+ Str+4} for 534
                  | gold pieces
 13462 | D:9      | Found a hazy altar of Hepliaklqana.
 13466 | D:9      | XOM: silly message
 13591 | D:9      | Reached skill level 4 in Armour
 13657 | D:9      | Killed Kiciri's ghost
 13658 | D:9      | Reached skill level 5 in Armour
 13784 | Lair:1   | Entered Level 1 of the Lair of Beasts
 13888 | D:10     | XOM: give mutations
 13888 | D:10     | Gained mutation: Your mind is acute. (Int +4, Str/Dex -1)
                  | [Xom's grace]
 13888 | D:10     | Gained mutation: You are mostly covered in iridescent
                  | scales. (AC +4) [Xom's grace]
 13888 | D:10     | Gained mutation: Your flesh is cold resistant. (rC+) [Xom's
                  | grace]
 13888 | D:10     | Gained mutation: You possess an exceptional clarity of
                  | mind. [Xom's grace]
 14140 | D:10     | Reached skill level 6 in Armour
 14140 | D:10     | Reached XP level 12. HP: 41/59 MP: 19/23
 14211 | D:10     | Found a bloodstained altar of Trog.
 14328 | D:10     | XOM: cloud trail
 14402 | D:10     | XOM: summons 5 friendly demons
 14872 | D:11     | Reached skill level 7 in Armour
 14872 | D:11     | Reached skill level 1 in Evocations
 15061 | D:11     | Noticed an eight-headed hydra
 15091 | D:11     | XOM: give mutations
 15091 | D:11     | Lost mutation: Your large and strong wings let you fly.
                  | [Xom's mischief]
 15091 | D:11     | Lost mutation: Your mind is acute. (Int +4, Str/Dex -1)
                  | [Xom's mischief]
 15096 | D:11     | Noticed a tengu warrior
 15102 | D:11     | XOM: smoke on damage
 15577 | Lair:1   | Reached skill level 8 in Armour
 16316 | Lair:1   | XOM: give mutation
 16316 | Lair:1   | Gained mutation: You are covered in fur. (AC +1) [Xom's
                  | grace]
 16604 | Lair:2   | XOM: enchant monster (good)
 16606 | Lair:2   | XOM: polymorph yak -> black mamba
 16609 | Lair:2   | Reached skill level 9 in Armour
 16798 | Lair:2   | Noticed a boulder beetle
 16831 | Lair:2   | Found a frozen archway.
 16845 | Lair:2   | XOM: 5-stop teleportation journey
 16849 | Lair:2   | Found a gate leading to a gauntlet.
 16857 | Gauntlet | Entered a Gauntlet
 16857 | Gauntlet | Found a transporter.
 16925 | Gauntlet | Found a transporter.
 16927 | Gauntlet | Found a transporter.
 16938 | Gauntlet | Found a transporter.
 16941 | Gauntlet | Found a transporter.
 16944 | Gauntlet | Noticed a death yak
 16945 | Gauntlet | Noticed a death yak
 16945 | Gauntlet | Noticed a death yak
 16950 | Gauntlet | Noticed a death yak
 16950 | Gauntlet | Noticed a death yak
 16953 | Gauntlet | Found a transporter.
 16968 | Gauntlet | Found a transporter.
 16979 | Gauntlet | Found a transporter.
 16990 | Gauntlet | Found a runed translucent gate.
 16991 | Gauntlet | Found a transporter.
 16991 | Gauntlet | Found a runed translucent gate.
 16993 | Gauntlet | Found a runed translucent gate.
 16996 | Gauntlet | Found a transporter.
 16996 | Gauntlet | Found a transporter.
 17017 | Gauntlet | XOM: silly message
 17025 | Gauntlet | Found a transporter.
 17027 | Gauntlet | Found a transporter.
 17077 | Gauntlet | Found a transporter.
 17078 | Gauntlet | Noticed a large abomination
 17148 | Gauntlet | XOM: divination: detect creatures
 17194 | Gauntlet | Reached skill level 5 in Evocations
 17198 | Gauntlet | XOM: potion effect (heal wounds)
 17199 | Gauntlet | XOM: silly message
 17273 | Gauntlet | Learned a level 2 spell: Passwall
 17340 | Gauntlet | Learned a level 2 spell: Blink
 17342 | Gauntlet | XOM: silly message
 17363 | Gauntlet | Reached skill level 10 in Armour
 17385 | Gauntlet | XOM: divination: detect items
 17553 | Gauntlet | Identified the +4 great sword of Balance {drain, *Corrode
                  | +Blink Fly Int+3}
 17585 | Gauntlet | Identified the +3 arbalest of Purpose {flame, rPois rC+}
 17585 | Gauntlet | Noticed a minotaur
 17595 | Gauntlet | Killed a minotaur
 17690 | Gauntlet | XOM: noise
 17718 | Gauntlet | XOM: silly message
 17818 | Lair:2   | Reached skill level 11 in Armour
 17819 | Lair:2   | XOM: 5-stop teleportation journey
 18001 | Lair:2   | XOM: god gift: 4 silver javelins
 18053 | Lair:2   | Reached XP level 13. HP: 63/63 MP: 18/24
 18311 | Lair:2   | Slain by a komodo dragon

Illustrated notes

Levels and vault maps discovered:
D:1:      nagdon_arrival_double_spiral, layout_loops_cross, serial_shops,
          nicolae_shop_behind_doors, grunt_decor_resistance
D:2:      kennysheep_the_goblin_king, layout_loops_ring
D:3:      layout_basic, mainiacjoe_overflow_small_starburst,
          nicolae_overflow_ecumenical_swirl, nicolae_overflow_squiral
D:4:      layout_loops_ring, kennysheep_small_square
D:5:      layout_basic, chei_slow_surprise, serial_shops, nicolae_shop_crystal,
          nicolae_shop_hallway_plus, nicolae_kite_square_tiling_tiny,
          lightli_corner_chamber, uniq_duvessa
D:6:      layout_rooms, minmay_temple_entry_drinking_statues,
          uniq_crazy_yiuf_cottage, uniq_grinder, uniq_menkaure
D:7:      layout_cave_pools, tso_altar,
          mainiacjoe_overflow_concentric_impassable, serial_shops, shop,
          grunt_decor_junction, hangedman_decor_diamond_cutter
D:8:      layout_gridville, kennysheep_orc_sif_temple, serial_shops,
          nicolae_lakefront_shop, uniq_erica
D:9:      layout_long_grid, lemuel_round_altar, hellmonk_lair_entry_icy,
          orc_david_3, hellmonk_ghost_happy_afterlife
D:10:     layout_rooms, mainiacjoe_overflow_24_doors, bloody_trog
D:11:     minmay_box_of_curves, layout_irregular_city, enter_trove_5
D:12:     layout_gridville
D:13:     layout_roguey, erik_vaults_1, serial_shops, nicolae_take_the_stairs,
          zin_purify, uniq_maurice
Temple:   grunt_temple_mini_profane
Lair:1:   layout_regular_city, grunt_megastairs_3, infiniplex_staircase_pool
Lair:2:   layout_chaotic_city, gauntlet_entry_generic,
          portal_ice_cave_entry_ice_simulacra

Skill      XL: |  1  2  3  4  5  6  7  8  9 10 11 12 |
---------------+-------------------------------------+-----
Transmutations | 1 2 3 4 5 6 |  6.4
Earth Magic    | 4 5 6 7 8 9 10 | 10.0
Dodging        | 2 3 4 5 6 7 |  7.1
Stealth        | 3 4 5 6 7 9 |  9.3
Spellcasting   | 3 4 5 6 7 |  7.6
Shields        | 3 |  3.7
Armour         | 6 11 | 11.8
Translocations | 2 |  2.1
Ice Magic      | 1 |  1.4
Evocations     | 5 |  5.0

Action                     |  1- 3 |  4- 6 |  7- 9 | 10-12 | 13-15 || total
---------------------------+-------+-------+-------+-------+-------++-------
  Melee: Unarmed           |     5 |     8 |     6 |       |       ||    19
         Dagger            |       |       |    24 |       |       ||    24
         Quarterstaff      |       |       |     3 |       |       ||     3
         Staff             |       |       |       |    41 |       ||    41
   Cast: Sandblast         |    43 |    94 |   181 |   416 |    16 ||   750
         Stone Arrow       |       |       |    12 |    80 |     7 ||    99
         Petrify           |       |       |       |    15 |       ||    15
  Evoke: Wand              |       |       |     9 |     4 |     1 ||    14
         Phantom mirror    |       |       |       |     1 |       ||     1
    Use: Scroll            |       |       |       |    25 |       ||    25
         Potion            |       |       |       |     9 |       ||     9
   Stab: Sleeping          |       |     1 |       |       |       ||     1
         Paralysed         |       |       |     1 |       |       ||     1
         Petrified         |       |       |       |    13 |       ||    13
 Armour: Robe              |     4 |     8 |    11 |       |       ||    23
         Leather armour    |       |       |    29 |   152 |     2 ||   183
         Acid dragon scale |       |       |       |    11 |       ||    11
         Scale mail        |       |       |       |    23 |       ||    23
  Dodge: Dodged            |     4 |    36 |   116 |   524 |    14 ||   694

Table legend: (Time is in decaauts)
 A = Elapsed time spent in this place.
 B = Non-inter-level travel time spent in this place.
 C = Inter-level travel time spent in this place.
 D = Time resting spent in this place.
 E = Time spent auto-exploring this place.
 F = Levels seen in this place.
 G = Mean time per level.
                   A        B        C        D        E       F      G
               +--------+--------+--------+--------+--------+-----+--------+
         Total |  18678 |  16925 |   1753 |   1982 |  10650 |  17 | 1098.7 |
       Dungeon |  15231 |  13716 |   1515 |   1803 |   8374 |  13 | 1171.6 |
        Temple |    337 |    178 |    159 |      0 |    168 |   1 |  337.0 |
          Lair |   2190 |   2111 |     79 |    179 |   1527 |   2 | 1095.0 |
      Gauntlet |    918 |    918 |      0 |      0 |    581 |   1 |  918.0 |
               +--------+--------+--------+--------+--------+-----+--------+

Top non-repeatable levels by time:
     D:5: 2252 daAuts
     D:8: 2146 daAuts
     D:4: 1642 daAuts
  Lair:1: 1379 daAuts
    D:10: 1229 daAuts
     D:9: 1227 daAuts
     D:6: 1199 daAuts
     D:3: 1155 daAuts
     D:7: 1053 daAuts
     D:2: 928 daAuts
     D:1: 923 daAuts
Gauntlet: 918 daAuts
  Lair:2: 810 daAuts
    D:12: 730 daAuts
    D:11: 394 daAuts
